 Dungeon Crawl Stone Soup version 0.17.0-28-g6e173f8 (webtiles) character file.

66411 Peloso the Peltast (level 14, -4/127 HPs)
             Began as a Minotaur Fighter on Nov 29, 2015.
             Was the Champion of Okawaru.
             Splashed by an oklob plant's acid (13 damage)
             ... on level 7 of the Lair of Beasts.
             The game lasted 01:28:44 (24488 turns).

Peloso the Peltast (Minotaur Fighter)              Turns: 24488, Time: 01:28:46

Health: -4/127     AC:  6    Str: 26    XL:     14   Next: 79%
Magic:  5/5        EV: 10    Int:  9    God:    Okawaru [******]
Gold:   2174       SH: 23    Dex: 12    Spells: 0 memorised, 13 levels left

rFire  . . .     SeeInvis +     W - +6 double sword of the Lamprey {flame, MR+}
rCold  x . .     Clarity  .     M - +4 plate armour of Paoclim {Int+4}
rNeg   . . .     SustAt   .     w - +1 large shield {AC+3}
rPois  .         Gourm    .     p - +2 hat {MR+}
rElec  .         Spirit   .     x - +1 cloak
rCorr  .         Warding  .     t - +0 pair of gloves
rMut   .         Stasis   +     U - +0 pair of boots of the Equinox {rC- MP-9 Str+2 SInv}
MR     ++++.                    y - amulet of stasis
Stlth  ..........               r - ring of protection from magic
                                P - ring of wizardry

@: corroded equipment, incredibly resistant to hostile enchantments, extremely
unstealthy
A: retaliatory headbutt, horns 2, breathe flames 1
a: Heroism, Finesse, Renounce Religion, Breathe Fire


You were on level 7 of the Lair of Beasts.
You worshipped Okawaru.
Okawaru was exalted by your worship.
You were full.

You visited 4 branches of the dungeon, and saw 26 of its levels.
You also visited: Bailey.

You collected 2361 gold pieces.
You spent 187 gold pieces at shops.

Inventory:

Hand Weapons
 a - a +1 great sword of slicing
 z - the +5 captain's cutlass {speed, disarm}
   (You found it on level 14 of the Dungeon)

   Attacks with this weapon are significantly faster.
 B - the +8 lance "Wyrmbane" {slay drac, +Rage rPois rF+ AC+5}
   (You found it on level 5 of the Dungeon)

   It affects your AC (+5).
   It protects you from fire.
   It protects you from poison.
   It lets you go berserk.
 W - the +6 double sword of the Lamprey (weapon) {flame, MR+}
   (Okawaru gifted it to you on level 12 of the Dungeon)

   It has been specially enchanted to burn those struck by it, causing extra
   injury to most foes and up to half again as much damage against particularly
   susceptible opponents.
   Big, fiery blades are also staple armaments of hydra-hunters.
   It affects your resistance to hostile enchantments.
Armour
 c - a +2 pair of boots of flying
 g - a +2 plate armour of fire resistance
 p - a +2 hat of magic resistance (worn)
 t - a +0 pair of gloves (worn)
 w - a +1 large shield of protection (worn)
 x - a +1 cloak (worn)
 M - the +4 plate armour of Paoclim (worn) {Int+4}
   (Okawaru gifted it to you on level 1 of the Lair of Beasts)

   It affects your intelligence (+4).
 U - the +0 pair of boots of the Equinox (worn) {rC- MP-9 Str+2 SInv}
   (You acquired it in a bailey)

   It affects your strength (+2).
   It makes you vulnerable to cold.
   It affects your magic capacity (-9).
   It lets you see invisible.
Jewellery
 r - a ring of protection from magic (right hand)
 u - a +3 ring of evasion
 y - an amulet of stasis (around neck)
 P - a ring of wizardry (left hand)
 Z - an uncursed amulet of the gourmand
Wands
 A - a wand of digging (5)
 H - a wand of hasting (5)
 K - a wand of teleportation (4)
 N - a wand of fireball (7)
 S - a wand of digging (14)
Scrolls
 d - 7 scrolls of remove curse
 f - a scroll of amnesia
 h - 3 scrolls of teleportation
 k - 3 scrolls of identify
 n - 3 scrolls of fear
 q - a scroll of enchant weapon
 v - 3 scrolls of enchant armour
 G - a scroll of magic mapping
 J - a scroll of blinking
 Q - 2 scrolls of recharging
 R - 2 scrolls of summoning
Potions
 m - a potion of invisibility
 o - a potion of flight
 s - 2 potions of might
 C - 2 potions of haste
 E - 2 potions of heal wounds
 F - a potion of cancellation
 L - 2 potions of curing
 O - 2 potions of agility
 V - a potion of resistance
 X - 2 potions of brilliance
 Y - a potion of magic
Books
 j - a book of Fire

   Spells                             Type                      Level
   a - Ignite Poison                  Fire/Transmutation/Poison    3
   b - Fireball                       Conjuration/Fire             5
   c - Bolt of Fire                   Conjuration/Fire             6
   d - Delayed Fireball               Conjuration/Fire             7
   e - Ring of Flames                 Charms/Fire                  7
Comestibles
 b - a slice of pizza
 e - 19 bread rations
 i - 17 fruits
 l - 7 meat rations
 I - 5 beef jerkies


   Skills:
 + Level 12.9 Fighting
 + Level 13.0 Long Blades
 + Level 10.5 Polearms
 + Level 12.2 Armour
 + Level 8.6 Dodging
 + Level 1.9 Stealth
 + Level 17.4 Shields
 + Level 1.6 Invocations
 + Level 0.5 Evocations


You had 13 spell levels left.
You didn't know any spells.

Dungeon Overview and Level Annotations

Branches:
Dungeon (14/15)            Temple (1/1) D:6            Lair (7/8) D:10
 Spider (0/4) Lair:5        Slime (0/6) Lair:7          Orc (4/4) D:9
    Elf (0/3) Orc:3        Vaults (0/5) D:14
  Swamp: Lair:3-6    Shoals: Lair:3-6

Altars:
Cheibriados
Dithmenos
Elyvilon
Gozag
Makhleb
Okawaru
Qazlal
Ru
Sif Muna
Trog
Vehumet
Xom
Yredelemnul
Beogh

Shops:
D:4 :   D:8 =   D:9 (   Orc:2 ?   Orc:3 :   Orc:4 !([

Annotations:
Lair:7 exclusion: 3 oklob plants


Innate Abilities, Weirdness & Mutations

You reflexively headbutt those who attack you in melee.
You have a pair of horns on your head.
You can breathe flames.


Message History

You hit the oklob plant but do no damage.
You headbutt the oklob plant, but do no damage.
The oklob plant is almost destroyed.
Unknown command.
You hit the oklob plant but do no damage.
You headbutt the oklob plant.
You destroy the oklob plant!
Unknown command.
The oklob plant spits acid at you. The splash of acid hits you!
* * * LOW HITPOINT WARNING * * *
The acid corrodes you!
The acid burns!
* * * LOW HITPOINT WARNING * * *
The oklob plant spits acid at you. You block the splash of acid.
The acid corrodes you! The oklob plant spits acid at you.
The splash of acid hits you!
* * * LOW HITPOINT WARNING * * *
The acid corrodes you!
The acid burns!
You die...

#........##.##
#...#....#†##
#...#.....##
#...###...###
#....#.#....#
#....####...#
##...## #...####
#.....# #......#
##@...# #.#†.###
#.#...P####...###
##.PP>.#
#.#...### .....#
#..#..... ###.##
#........ ##
#..#.....
########. ##...
.....


You could see 3 oklob plants.

Vanquished Creatures
  Gastronok (D:8)
  Maud (Orc:3)
  2 orc warlords (Orc:4)
  The ghost of Kloppie the Fighter, a journeyman HOFi of Elyvilon (Lair:1)
  2 hydras
  The ghost of Vex the Cleaver, a journeyman MiFi of Okawaru (D:11)
  A catoblepas (Lair:6)
  Erica (Lair:1)
  2 dancing weapons (D:14)
  2 centaur warriors (D:14)
  The ghost of R18 the Thaumaturge, a journeyman SpVM of Dithmenos (Lair:5)
  4 orc high priests (Orc:4)
  Nergalle (Orc:1)
  A fire crab (Lair:7)
  2 hill giants
  4 unseen horrors
  The ghost of OmG the Cutter, a novice DsCK of Xom (D:6)
  Pikel (D:8)
  5 orc knights
  A griffon (Lair:5)
  An oklob plant (Lair:7)
  8 orc sorcerers
  5 ugly things
  2 wolf spiders (Lair:5)
  A cyclops (D:12)
  Maurice (D:8)
  3 black mambas
  5 elephants (Lair:7)
  3 komodo dragons
  2 centaur zombies
  5 spiny frogs
  A kobold demonologist (Bailey)
  A fire drake (D:10)
  7 trolls
  A jumping spider (Lair:5)
  A polar bear (Lair:6)
  A two-headed ogre (Orc:4)
  Grinder (D:3)
  11 blink frogs
  A boulder beetle (Lair:6)
  2 deep elf magi
  A spriggan (Lair:6)
  A shadow (D:12)
  Sigmund (D:3)
  11 yaks
  A basilisk (Lair:7)
  4 fire bats (D:9)
  6 wraiths
  The ghost of Peloso the Shield-Bearer, an amateur MiFi (D:3)
  Eustachio (D:5)
  5 hippogriffs
  A wyvern (Lair:7)
  Menkaure (D:4)
  A hell hound (D:9)
  10 wolves (Lair:6)
  A hungry ghost (D:7)
  Edmund (D:4)
  8 wargs
  6 porcupines
  A spider (Lair:5)
  A mottled dragon (Bailey)
  2 black bears
  3 sky beasts
  4 water moccasins
  3 eyes of draining (D:14)
  5 centaurs
  61 orc warriors
  5 ice beasts
  23 ogres
  5 crocodiles
  17 giant frogs
  A wyvern zombie (D:13)
  A wyvern skeleton (D:8)
  8 killer bees
  2 scorpions
  5 wights (D:14)
  3 electric eels (Bailey)
  A quasit (D:14)
  2 lava snakes (D:9)
  42 orc wizards
  4 giant frog zombies
  2 jellies
  3 hounds
  A wasp zombie (D:10)
  6 centaur skeletons
  8 crimson imps
  36 orc priests
  2 giant frog skeletons
  Terence (D:2)
  Natasha (thrice) (D:2)
  4 iguanas
  13 sheep
  9 worker ants
  2 hound zombies
  2 worker ant zombies (D:5)
  Robin (D:3)
  5 river rats (Lair:5)
  14 adders
  13 gnolls
  4 shadow imps
  2 adder skeletons
  6 giant geckos
  277 orcs
  5 giant cockroaches
  21 goblins
  17 hobgoblins
  26 jackals
  7 kobolds
  2 ball pythons
  9 bats
  6 giant newts
  6 quokkas
  7 rats
878 creatures vanquished.

Vanquished Creatures (others)
  Josephine (D:13)
  An orc priest (Orc:4)
  An orc wizard (Orc:4)
  2 orcs
  A jackal (D:8)
  A giant gecko skeleton (D:8)
  3 fire vortices (D:9)
  5 fungi (Lair:7)
  A plant (Lair:6)
16 creatures vanquished.

Grand Total: 894 creatures vanquished

Notes
Turn   | Place    | Note
--------------------------------------------------------------
     0 | D:1      | Peloso the Minotaur Fighter began the quest for the Orb.
     0 | D:1      | Reached XP level 1. HP: 19/19 MP: 0/0
   110 | D:1      | Reached XP level 2. HP: 27/27 MP: 1/1
   113 | D:1      | Reached skill level 4 in Shields
   536 | D:2      | Noticed Terence
   542 | D:2      | Killed Terence
   542 | D:2      | Reached XP level 3. HP: 28/33 MP: 2/2
   758 | D:2      | Found a sacrificial altar of Ru.
   851 | D:2      | Found a stormy altar of Qazlal.
   851 | D:2      | Found an iron altar of Okawaru.
   855 | D:2      | Became a worshipper of Warmaster Okawaru
  1059 | D:2      | Noticed Natasha
  1073 | D:2      | Killed Natasha
  1073 | D:2      | Reached skill level 1 in Dodging
  1073 | D:2      | Reached XP level 4. HP: 21/40 MP: 3/3
  1081 | D:2      | Found a basalt altar of Yredelemnul.
  1156 | D:2      | Noticed Natasha
  1161 | D:2      | Killed Natasha
  1169 | D:2      | Noticed Natasha
  1170 | D:2      | Killed Natasha
  1235 | D:2      | Found a shimmering altar of Xom.
  1349 | D:3      | Found a bloodstained altar of Trog.
  1370 | D:3      | Noticed Peloso's ghost (amateur MiFi)
  1382 | D:3      | Killed Peloso's ghost
  1382 | D:3      | Reached * piety under Okawaru
  1382 | D:3      | Reached skill level 5 in Shields
  1382 | D:3      | Reached XP level 5. HP: 18/47 MP: 4/4
  1387 | D:3      | Noticed Sigmund
  1403 | D:3      | Killed Sigmund
  1403 | D:3      | Reached skill level 5 in Armour
  1403 | D:3      | Reached XP level 6. HP: 4/53 MP: 5/5
  1840 | D:3      | Noticed Robin
  1860 | D:3      | Killed Robin
  2300 | D:3      | Noticed Grinder
  2301 | D:3      | Paralysed by Grinder for 4 turns
  2313 | D:3      | Killed Grinder
  2313 | D:3      | Reached skill level 6 in Shields
  2313 | D:3      | Reached XP level 7. HP: 38/60 MP: 6/6
  2636 | D:4      | Reached ** piety under Okawaru
  2652 | D:4      | Noticed Menkaure
  2686 | D:4      | Killed Menkaure
  2686 | D:4      | Reached skill level 5 in Fighting
  2753 | D:4      | Reached skill level 7 in Shields
  2785 | D:4      | Noticed Edmund
  2801 | D:4      | Killed Edmund
  2801 | D:4      | Reached skill level 5 in Long Blades
  2801 | D:4      | Reached XP level 8. HP: 66/68 MP: 7/7
  3220 | D:4      | Found Hetafice's Book Shoppe.
  3414 | D:5      | Entered Level 5 of the Dungeon
  3618 | D:5      | Reached skill level 5 in Dodging
  3618 | D:5      | Reached skill level 1 in Stealth
  3712 | D:5      | Found an opulent altar of Gozag.
  3721 | D:5      | Found a deep blue altar of Sif Muna.
  3784 | D:5      | Reached *** piety under Okawaru
  3824 | D:5      | Found a snail-covered altar of Cheibriados.
  3915 | D:5      | Noticed Eustachio
  3956 | D:5      | Killed Eustachio
  3956 | D:5      | Reached skill level 8 in Shields
  4193 | D:6      | Noticed OmG's ghost (novice DsCK)
  4216 | D:6      | Killed OmG's ghost
  4216 | D:6      | Reached **** piety under Okawaru
  4216 | D:6      | Reached XP level 9. HP: 62/77 MP: 6/8
  4429 | D:6      | Found a staircase to the Ecumenical Temple.
  4528 | D:6      | Reached skill level 1 in Polearms
  4686 | D:6      | Found a shadowy altar of Dithmenos.
  5244 | D:7      | Reached skill level 9 in Shields
  5474 | D:7      | Found a shadowy altar of Dithmenos.
  5535 | D:7      | Found a white marble altar of Elyvilon.
  5541 | D:7      | Received a gift from Okawaru
  5926 | D:8      | Noticed Maurice
  5941 | D:8      | Killed Maurice
  5941 | D:8      | Reached ***** piety under Okawaru
  5941 | D:8      | Reached skill level 10 in Shields
  5941 | D:8      | Reached XP level 10. HP: 68/86 MP: 9/9
  5957 | D:8      | Found Muanlik's Jewellery Shoppe.
  5961 | D:8      | Found a runed door.
  6110 | D:8      | Reached skill level 5 in Polearms
  6147 | D:8      | Found a roughly hewn altar of Beogh.
  6248 | D:8      | Noticed Pikel
  6249 | D:8      | Found a sacrificial altar of Ru.
  6259 | D:8      | Killed Pikel
  6301 | D:8      | Noticed Gastronok
  6320 | D:8      | Killed Gastronok
  6320 | D:8      | Reached skill level 11 in Shields
  6320 | D:8      | Reached skill level 1 in Invocations
  6518 | D:8      | Received a gift from Okawaru
  6726 | D:8      | Found a burning altar of Makhleb.
  6727 | D:8      | Found a radiant altar of Vehumet.
  6756 | D:9      | Found a staircase to the Orcish Mines.
  6778 | D:9      | Reached XP level 11. HP: 95/95 MP: 10/10
  6801 | D:9      | Found Usmap's Antique Weapon Emporium.
  6822 | D:9      | Bought a dazzling trident for 187 gold pieces
  6822 | D:9      | Identified the +6 trident of Atanok {pierce, Stlth+} (You bought it in a shop on level 9 of the Dungeon)
  7011 | D:9      | Got a jewelled halberd
  7035 | D:9      | Identified the cursed +3 halberd of Mumyt {freeze, Int+4 Stlth+} (You found it on level 9 of the Dungeon)
  7531 | D:10     | Entered Level 10 of the Dungeon
  7633 | D:10     | Gained mutation: You can breathe flames. [potion of beneficial mutation]
  7685 | D:10     | Reached skill level 12 in Shields
  7713 | D:10     | Found a staircase to the Lair.
  8286 | D:11     | Noticed Vex's ghost (journeyman MiFi)
  8314 | D:11     | Killed Vex's ghost
  9072 | D:12     | Found a flagged portal.
  9088 | Bailey   | Entered a bailey
  9147 | Bailey   | Found an iron altar of Okawaru.
  9175 | Bailey   | Noticed a soul eater
  9190 | Bailey   | Reached ****** piety under Okawaru
  9190 | Bailey   | Received a gift from Okawaru
 10033 | Bailey   | Got a pair of jewelled boots
 10044 | Bailey   | Identified the +0 pair of boots of the Equinox {rC- MP-9 Str+2 SInv} (You acquired it in a bailey)
 10223 | D:12     | Reached skill level 10 in Polearms
 10223 | D:12     | Reached skill level 13 in Shields
 10254 | D:12     | Reached XP level 12. HP: 76/106 MP: 2/11
 10307 | D:12     | Noticed an unseen horror
 10318 | D:12     | Killed an unseen horror
 10318 | D:12     | Reached skill level 10 in Armour
 10427 | D:12     | Received a gift from Okawaru
 10430 | D:12     | Got a translucent double sword {god gift}
 10431 | D:12     | Identified the +6 double sword of the Lamprey {flame, MR+} (Okawaru gifted it to you on level 12 of the Dungeon)
 10508 | D:12     | Reached skill level 10 in Fighting
 11102 | Temple   | Entered the Ecumenical Temple
 11324 | Orc:1    | Entered Level 1 of the Orcish Mines
 11348 | Orc:1    | Noticed Nergalle
 11350 | Orc:1    | HP: 4/106 [Nergalle/bolt of negative energy (26)]
 11363 | Orc:1    | HP: 3/106 [orc priest/divine providence (12)]
 12149 | Orc:1    | Killed Nergalle
 12575 | Orc:3    | Received a gift from Okawaru
 12575 | Orc:3    | Reached skill level 14 in Shields
 13012 | Orc:3    | Found Kiob's Book Boutique.
 13012 | Orc:3    | Noticed Maud
 13029 | Orc:3    | Killed Maud
 13329 | Orc:3    | Found a staircase to the Elven Halls.
 13394 | Orc:3    | Found a roughly hewn altar of Beogh.
 13649 | Orc:3    | You fall through a shaft!
 13649 | Orc:4    | Entered Level 4 of the Orcish Mines
 14187 | Orc:4    | Found a roughly hewn altar of Beogh.
 14281 | Orc:4    | Found Latwoan's Weapon Boutique.
 14309 | Orc:4    | Found Yfacot's Antique Armour Shop.
 14317 | Orc:4    | Received a gift from Okawaru
 14317 | Orc:4    | Reached XP level 13. HP: 100/115 MP: 3/12
 14564 | Orc:4    | HP: 2/115 [orc priest/divine providence (11)]
 14574 | Orc:4    | Reached skill level 15 in Shields
 15173 | Orc:4    | Noticed an orc warlord
 15494 | Orc:4    | Killed an orc warlord
 15502 | Orc:4    | Found a roughly hewn altar of Beogh.
 15956 | Orc:4    | Noticed an orc warlord
 15981 | Orc:4    | Killed an orc warlord
 15981 | Orc:4    | Reached skill level 10 in Long Blades
 17015 | Orc:4    | Found Hein's Distillery.
 17055 | Orc:4    | Found Kirgh's Weapon Emporium.
 17517 | Orc:2    | Found Morph's Magic Scroll Shoppe.
 17995 | Orc:2    | Found a burning altar of Makhleb.
 18737 | D:13     | Received a gift from Okawaru
 18775 | D:13     | Noticed Josephine
 18787 | D:13     | Killed Josephine
 19713 | D:13     | Reached skill level 16 in Shields
 19866 | D:14     | Found an iron altar of Okawaru.
 19947 | D:14     | Reached XP level 14. HP: 114/126 MP: 3/14
 19952 | D:14     | Found a gate to the Vaults.
 20533 | Lair:1   | Entered Level 1 of the Lair of Beasts
 20533 | Lair:1   | Noticed Kloppie's ghost (journeyman HOFi)
 20545 | Lair:1   | Killed Kloppie's ghost
 20769 | Lair:1   | Noticed Erica
 20777 | Lair:1   | Killed Erica
 20777 | Lair:1   | Received a gift from Okawaru
 20780 | Lair:1   | Got a faintly humming plate armour {god gift}
 20791 | Lair:1   | Identified the +4 plate armour of Paoclim {Int+4} (Okawaru gifted it to you on level 1 of the Lair of Beasts)
 22176 | Lair:5   | Noticed R18's ghost (journeyman SpVM)
 22180 | Lair:5   | Killed R18's ghost
 22394 | Lair:5   | Found a hole to the Spider Nest.
 22802 | Lair:6   | Reached skill level 17 in Shields
 23949 | Lair:7   | Found a white marble altar of Elyvilon.
 24326 | Lair:7   | Received a gift from Okawaru
 24471 | Lair:7   | Found a staircase to the Slime Pits.
 24479 | Lair:7   | HP: 2/127 [acid (13)]
 24488 | Lair:7   | Splashed by an oklob plant's acid

Action                   |  1- 3 |  4- 6 |  7- 9 | 10-12 | 13-15 || total
-------------------------+-------+-------+-------+-------+-------++-------
Melee: Long sword        |    93 |   103 |   179 |       |       ||   375
       Lance             |       |       |   180 |   624 |       ||   804
       Halberd           |       |       |       |     4 |       ||     4
       Double sword      |       |       |       |   472 |   844 ||  1316
Invok: Heroism           |       |       |     1 |     4 |     2 ||     7
Evoke: Wand              |       |       |       |       |     5 ||     5
  Use: Potion            |       |     1 |       |     4 |     5 ||    10
       Scroll            |       |       |     6 |    24 |     8 ||    38
  Eat: Chunk             |     1 |     4 |    12 |    25 |    49 ||    91
       Beef jerky        |       |       |     1 |     2 |     1 ||     4
